 Dungeon Crawl Stone Soup version 0.27-a0-262-gc50aac273e (webtiles) character file.

Game seed: 3691284284027814162

2 EnegeticOcto the Skirmisher (level 1, -1/18 HPs)
             Began as a Mummy Chaos Knight on Feb 4, 2021.
             Was a Plaything of Xom.
             Slain by a leopard gecko (3 damage)
             ... on level 2 of the Dungeon.
             The game lasted 00:00:31 (75 turns).

EnegeticOcto the Skirmisher (Mummy Chaos Knight)      Turns: 75, Time: 00:00:31

Health: -1/18      AC:  5    Str: 15    XL:     1   Next: 25%
Magic:  1/1        EV: 11    Int: 11    God:    Xom [..*...]
Gold:   25         SH:  0    Dex: 11    Spells: 0/0 levels left

rFire    x . .     SeeInvis .   a - +0 spear (chaos)
rCold    + . .     Faith    .   (no shield)
rNeg     + + +     Spirit   .   b - +2 leather armour
rPois    ∞         Reflect  .   (no helmet)
rElec    .         Harm     .   (no cloak)
rCorr    .         Rampage  .   (no gloves)
Will     .....                  (no boots)
Stlth    +.........             (no amulet)
HPRegen  0.06/turn              (no ring)
MPRegen  0.07/turn              (no ring)

@: no status effects
A: no potions, fire vulnerability, cold resistance 1, negative energy resistance
3, torment resistance, unbreathing
a: Renounce Religion


You were on level 2 of the Dungeon.
You worshipped Xom.
You were a toy of Xom.
You visited 1 branch of the dungeon, and saw 2 of its levels.

You collected 25 gold pieces.

Inventory:

Hand Weapons
 a - a +0 spear of chaos (weapon)
 d - a +0 spear
   (You found it on level 1 of the Dungeon)
Missiles
 c - 23 poisoned darts (quivered)
 e - 7 atropa-tipped darts
Armour
 b - a +2 leather armour (worn)


   Skills:
 + Level 3.1 Fighting
 * Level 2.4 Polearms
 - Level 1.5 Armour
 - Level 0.7 Dodging


You couldn't memorise any spells.
You didn't know any spells.
Your spell library was empty.

Dungeon Overview and Level Annotations

Branches:
Dungeon (1/15)

Altars:


Innate Abilities, Weirdness & Mutations

You do not drink.
Your flesh is vulnerable to fire.
You are immune to poison.
Your flesh is cold resistant. (rC+)
You are immune to negative energy. (rN+++)
You are immune to unholy pain and torment.
You can survive without breathing.


Message History

Welcome, EnegeticOcto the Mummy Chaos Knight.
Will you prevail where others failed? Will you find the Orb of Zot?
Xom says: A new plaything!
Press ? for a list of commands and other information.
Found a scale mail.
Found two stairs.
Found 6 poisoned darts.
Found a spear.
A kobold comes into view.
The kobold shouts!
The kobold misses you.
You barely miss the kobold. The kobold hits you but does no damage.
You barely miss the kobold. The kobold closely misses you.
You closely miss the kobold. The kobold barely misses you.
You hit the kobold but do no damage. The kobold closely misses you.
You hit the kobold but do no damage. Lightning courses through the kobold!
You kill the kobold!
No target in view!
Found 7 atropa-tipped darts.
You see here 6 poisoned darts.
c - 6 poisoned darts A hobgoblin comes into view.
It is wielding a +0 club.
You see here a spear.
d - a spear The hobgoblin shouts!
Found 14 gold pieces.
You hit the hobgoblin but do no damage. The hobgoblin closely misses you.
You hit the hobgoblin.
You kill the hobgoblin!
No target in view!
Found 17 poisoned darts.
You now have 11 gold pieces.
You see here 7 atropa-tipped darts.
e - 7 atropa-tipped darts You now have 25 gold pieces (gained 14).
Found 24 sling bullets.
c - 23 poisoned darts (gained 17)
You fall into a shaft and drop 1 floor!
The shaft crumbles and collapses.
A leopard gecko comes into view.
The leopard gecko hisses angrily.
An adder and a worm come into view.
The leopard gecko bites you.
The adder moves out of view.
The leopard gecko bites you but does no damage.
You hit the leopard gecko.
The leopard gecko is moderately wounded.
The leopard gecko barely misses you.
You barely miss the leopard gecko.
The leopard gecko is moderately wounded.
The leopard gecko bites you.
You are too injured to fight recklessly!
The leopard gecko bites you but does no damage.
The leopard gecko bites you.
Found a scroll labelled UFEGIM KUHASHI.
You closely miss the leopard gecko.
The leopard gecko is moderately wounded.
The leopard gecko barely misses you.
You miss the leopard gecko.
The leopard gecko is moderately wounded.
The leopard gecko misses you.
You miss the leopard gecko.
The leopard gecko is moderately wounded.
The leopard gecko bites you.
* * * LOW HITPOINT WARNING * * *
You closely miss the leopard gecko.
The leopard gecko is moderately wounded.
The leopard gecko bites you.
* * * LOW HITPOINT WARNING * * *
The leopard gecko bites you.
You die...

##?.
####....#
#....# #@#
###l#
####..w#
#......#
#......#
#......#...
#........#
#......###
#......#


You could see a worm and a leopard gecko.

Vanquished Creatures
  A hobgoblin (D:1)
  A kobold (D:1)
2 creatures vanquished.

Notes
Turn   | Place    | Note
-------+----------+-------------------------------------------
     0 | D:1      | EnegeticOcto the Mummy Chaos Knight began the quest for the
                  | Orb.
     0 | D:1      | Reached XP level 1. HP: 18/18 MP: 1/1
    60 | D:1      | You fall into a shaft and drop 1 floor!
    75 | D:2      | Slain by a leopard gecko

Illustrated notes

Levels and vault maps discovered:
D:1:      dpeg_arrival_line_fractal, layout_basic
D:2:      layout_rooms, serial_bayou, serial_bayou_pond_c, serial_bayou_pond_d,
          serial_bayou_pond_e, serial_bayou_pond_e, uniq_sigmund, uniq_natasha

Action                   || total
-------------------------++-------
Melee: Spear             ||    13
Armor: Leather armour    ||     3
Dodge: Dodged            ||     8

Table legend: (Time is in decaauts)
 A = Elapsed time spent in this place.
 B = Non-inter-level travel time spent in this place.
 C = Inter-level travel time spent in this place.
 D = Time resting spent in this place.
 E = Time spent auto-exploring this place.
 F = Levels seen in this place.
 G = Mean time per level.
                   A        B        C        D        E       F      G
               +--------+--------+--------+--------+--------+-----+--------+
         Total |     74 |     74 |      0 |      0 |     16 |   2 |   37.0 |
       Dungeon |     74 |     74 |      0 |      0 |     16 |   2 |   37.0 |
               +--------+--------+--------+--------+--------+-----+--------+

Top non-repeatable levels by time:
     D:1: 59 daAuts
     D:2: 14 daAuts
